APP
BALTIMORE (APP) ORIOLES @ GREAT FALLS VOYAGERS
07/11/2044
 
TOP OF THE 1ST
Baltimore (APP) Orioles batting - Pitching for Great Falls Voyagers : LHP David Schultz
Pitching: LHP David Schultz
Batting: LHB Eric Jackson 0-0: Ball
1-0: Ball
2-0: Swinging Strike
2-1: Swinging Strike
2-2: Strikes out swinging
Batting: LHB Bill Ostlund 0-0: Ground out 4-3 (Groundball, 4, EV 100.6 MPH)
Batting: RHB Jeremy Sipe 0-0: Ball
1-0: Ball
2-0: Called Strike
2-1: Foul Ball, location: 2F
2-2: Ball
3-2: SINGLE (Groundball, 6MD, EV 80.6 MPH) (infield hit)
Batting: RHB Mike Zepeda 0-0: Ball
1-0: Foul Ball, location: 2F
1-1: Called Strike
1-2: Ball
2-2: Foul Ball, location: 2F
2-2: Strikes out swinging
Top of the 1st over - 0 runs, 1 hit, 0 errors, 1 left on base; Baltimore (APP) 0 - Great Falls 0
BOTTOM OF THE 1ST
Great Falls Voyagers batting - Pitching for Baltimore (APP) Orioles : RHP Steve Webb
Pitching: RHP Steve Webb
Batting: RHB Kasey Bland 0-0: Ball
1-0: Foul Ball, location: 2F
1-1: SINGLE (Line Drive, 8LS, EV 101.3 MPH)
Batting: RHB Vic Lucatero 0-0: Ball
1-0: Foul Ball, location: 2F
1-1: Ball
Kasey Bland is caught stealing 2nd base 2-4
2-1: Foul Ball, location: 2F
2-2: Fly out, F5 (Popup, 5SF, EV 90.6 MPH)
Batting: LHB Carlos Ramirez 0-0: Called Strike
0-1: Foul Ball, location: 2F
0-2: Fly out, F8 (Flyball, 8LS, EV 90.0 MPH)
Bottom of the 1st over - 0 runs, 1 hit, 0 errors, 0 left on base; Baltimore (APP) 0 - Great Falls 0
TOP OF THE 2ND
Baltimore (APP) Orioles batting - Pitching for Great Falls Voyagers : LHP David Schultz
Batting: RHB Fernando Bravo 0-0: Ball
1-0: Foul Ball, location: 2F
1-1: Called Strike
1-2: Ball
2-2: Strikes out looking
Batting: LHB Rodolfo Montes 0-0: Called Strike
0-1: Ball
1-1: Ground out 4-3 (Groundball, 4, EV 94.4 MPH)
Batting: RHB Matt O'Dea 0-0: Ball
1-0: SINGLE (Groundball, 6, EV 98.1 MPH)
Batting: RHB Alex Valencia 0-0: Ball
1-0: Foul Ball, location: 2F
1-1: Swinging Strike
1-2: Ball
2-2: Foul Ball, location: 2F
2-2: Ball
3-2: Strikes out swinging
Top of the 2nd over - 0 runs, 1 hit, 0 errors, 1 left on base; Baltimore (APP) 0 - Great Falls 0
BOTTOM OF THE 2ND
Great Falls Voyagers batting - Pitching for Baltimore (APP) Orioles : RHP Steve Webb
Batting: SHB Matt Childers 0-0: Called Strike
0-1: Foul Ball, location: 2F
0-2: Ball
1-2: Ground out 4-3 (Groundball, 4, EV 81.9 MPH)
Batting: RHB Duncan Collins 0-0: Called Strike
0-1: Ball
1-1: Ball
2-1: Foul Ball, location: 2F
2-2: Strikes out swinging
Batting: RHB Josh Newby 0-0: Ball
1-0: Ball
2-0: Ball
3-0: Called Strike
3-1: Foul Ball, location: 2F
3-2: Ground out 5-3 (Groundball, 56S, EV 83.8 MPH)
Bottom of the 2nd over - 0 runs, 0 hits, 0 errors, 0 left on base; Baltimore (APP) 0 - Great Falls 0
TOP OF THE 3RD
Baltimore (APP) Orioles batting - Pitching for Great Falls Voyagers : LHP David Schultz
Batting: RHB Ioan Biros 0-0: Ball
1-0: Foul Ball, location: 2F
1-1: Foul Ball, location: 2F
1-2: Foul Ball, location: 2F
1-2: Foul Ball, location: 2F
1-2: Ball
2-2: DOUBLE (Flyball, 8LXD, EV 115.0 MPH)
Batting: LHB Eric Jackson 0-0: Swinging Strike
0-1: Swinging Strike
0-2: Ball
1-2: Ball
2-2: Ball
3-2: Strikes out looking
Batting: LHB Bill Ostlund 0-0: SINGLE (Groundball, 4MD, EV 100.0 MPH)
Ioan Biros to third
Batting: RHB Jeremy Sipe 0-0: Ball
Bill Ostlund steals 2nd base
1-0: Ball
2-0: Called Strike
2-1: Called Strike
2-2: Ball
3-2: Fly out, F9 (Flyball, 9S, EV 94.4 MPH)
Batting: RHB Mike Zepeda 0-0: Foul Ball, location: 2F
0-1: Fly out, F8 (Flyball, 78S, EV 87.5 MPH)
Top of the 3rd over - 0 runs, 2 hits, 0 errors, 2 left on base; Baltimore (APP) 0 - Great Falls 0
BOTTOM OF THE 3RD
Great Falls Voyagers batting - Pitching for Baltimore (APP) Orioles : RHP Steve Webb
Batting: RHB Chris LaMore 0-0: Reached on error, E3 (Groundball, 13, EV 89.4 MPH)
Batting: RHB Billy Grubbs 0-0: Ball
1-0: Called Strike
1-1: Called Strike
1-2: Ball
2-2: Ball
3-2: Foul Ball, location: 2F
3-2: Strikes out swinging
Batting: RHB Juan Tovar 0-0: Ball
1-0: Called Strike
1-1: Grounds into double play, 6-4-3 (Groundball, 6M, EV 98.1 MPH)
Bottom of the 3rd over - 0 runs, 0 hits, 1 error, 0 left on base; Baltimore (APP) 0 - Great Falls 0
TOP OF THE 4TH
Baltimore (APP) Orioles batting - Pitching for Great Falls Voyagers : LHP David Schultz
Batting: RHB Fernando Bravo 0-0: Ball
1-0: SINGLE (Line Drive, 8LS, EV 96.9 MPH)
Batting: LHB Rodolfo Montes 0-0: Ball
1-0: Called Strike
1-1: Foul Ball, location: 2F
1-2: SINGLE (Groundball, 6MD, EV 110.6 MPH)
Fernando Bravo to second
Runner from 2nd tries for 3rd, SAFE, throw by CF made to third
Batting: RHB Matt O'Dea 0-0: Ball
1-0: Ball
2-0: Fly out, F4 (Popup, 4M, EV 77.5 MPH)
Batting: RHB Alex Valencia 0-0: Swinging Strike
0-1: Foul Ball, location: 2F
0-2: Foul Ball, location: 2F
0-2: Ball
1-2: Reached on error, E4 (Groundball, 4, EV 84.4 MPH)
Fernando Bravo scores
Rodolfo Montes to second
Batting: RHB Ioan Biros 0-0: Grounds into double play, 5-4-3 (Groundball, 56, EV 88.8 MPH)
Top of the 4th over - 1 run, 2 hits, 1 error, 1 left on base; Baltimore (APP) 1 - Great Falls 0
BOTTOM OF THE 4TH
Great Falls Voyagers batting - Pitching for Baltimore (APP) Orioles : RHP Steve Webb
Batting: RHB Kasey Bland 0-0: Foul Ball, location: 2F
0-1: Foul Ball, location: 2F
0-2: Foul Ball, location: 2F
0-2: Ball
1-2: Strikes out swinging
Batting: RHB Vic Lucatero 0-0: Ball
1-0: Foul Ball, location: 2F
1-1: Called Strike
1-2: Ball
2-2: Ball
3-2: Foul Ball, location: 2F
3-2: SOLO HOME RUN (Flyball, 89XD, EV 102.5 MPH), Distance : 411 ft
Batting: LHB Carlos Ramirez 0-0: Ball
1-0: Ball
2-0: Ball
3-0: Called Strike
3-1: Base on Balls
Batting: SHB Matt Childers 0-0: Called Strike
0-1: 2-RUN HOME RUN (Flyball, 8LXD, EV 113.8 MPH), Distance : 443 ft
Batting: RHB Duncan Collins 0-0: Ball
1-0: Ball
2-0: Ball
3-0: Base on Balls
Batting: RHB Josh Newby 0-0: Swinging Strike
0-1: Fly out, F9 (Flyball, 9, EV 82.5 MPH)
Batting: RHB Chris LaMore 0-0: Called Strike
0-1: Fly out, F8 (Flyball, 8RD, EV 100.6 MPH)
Bottom of the 4th over - 3 runs, 2 hits, 0 errors, 1 left on base; Baltimore (APP) 1 - Great Falls 3
TOP OF THE 5TH
Baltimore (APP) Orioles batting - Pitching for Great Falls Voyagers : LHP David Schultz
Batting: LHB Eric Jackson 0-0: Called Strike
0-1: Swinging Strike
0-2: Ball
1-2: Strikes out swinging
Batting: LHB Bill Ostlund 0-0: Ball
1-0: Ball
2-0: Ball
3-0: Called Strike
3-1: Swinging Strike
3-2: Strikes out looking
Pitching: RHP Ivan Gaona
Batting: RHB Jeremy Sipe 0-0: Ball
1-0: Ball
2-0: Called Strike
2-1: Foul Ball, location: 2F
2-2: Strikes out swinging
Top of the 5th over - 0 runs, 0 hits, 0 errors, 0 left on base; Baltimore (APP) 1 - Great Falls 3
BOTTOM OF THE 5TH
Great Falls Voyagers batting - Pitching for Baltimore (APP) Orioles : RHP Steve Webb
Batting: RHB Billy Grubbs 0-0: Called Strike
0-1: Ball
1-1: Ground out 6-3 (Groundball, 6M, EV 82.5 MPH)
Batting: RHB Juan Tovar 0-0: Ball
1-0: Ball
2-0: Foul Ball, location: 2F
2-1: Called Strike
2-2: Foul Ball, location: 2F
2-2: SINGLE (Groundball, 34D, EV 98.1 MPH)
Batting: RHB Kasey Bland 0-0: Swinging Strike
0-1: Called Strike
0-2: Ball
1-2: Foul Ball, location: 2F
1-2: Ball
Wild Pitch!
Juan Tovar to second
2-2: DOUBLE (Line Drive, 3D, EV 108.8 MPH)
Juan Tovar scores
Pitching: LHP Kyle Sheridan
Batting: RHB Vic Lucatero 0-0: Ball
1-0: Called Strike
1-1: Ball
2-1: Called Strike
2-2: Strikes out swinging
Batting: LHB Carlos Ramirez 0-0: Called Strike
0-1: Swinging Strike
0-2: Ball
1-2: Strikes out swinging
Bottom of the 5th over - 1 run, 2 hits, 0 errors, 1 left on base; Baltimore (APP) 1 - Great Falls 4
TOP OF THE 6TH
Baltimore (APP) Orioles batting - Pitching for Great Falls Voyagers : RHP Ivan Gaona
Batting: RHB Mike Zepeda 0-0: Ball
1-0: Ball
2-0: Ball
3-0: Base on Balls
Batting: RHB Fernando Bravo 0-0: Called Strike
0-1: Ball
1-1: Called Strike
Mike Zepeda steals 2nd base
1-2: Foul Ball, location: 2F
1-2: Strikes out swinging
Batting: LHB Rodolfo Montes 0-0: Ball
1-0: 2-RUN HOME RUN (Flyball, 9LD, EV 95.0 MPH), Distance : 351 ft
Batting: RHB Matt O'Dea 0-0: Ball
1-0: Ball
2-0: Ball
3-0: Base on Balls
Batting: RHB Alex Valencia 0-0: Foul Ball, location: 2F
0-1: Foul Ball, location: 2F
0-2: Fly out, F9 (Flyball, 9, EV 91.3 MPH)
Batting: RHB Ioan Biros 0-0: Called Strike
0-1: Called Strike
0-2: Ball
1-2: Fly out, F3 (Line Drive, 3, EV 70.0 MPH)
Top of the 6th over - 2 runs, 1 hit, 0 errors, 1 left on base; Baltimore (APP) 3 - Great Falls 4
BOTTOM OF THE 6TH
Great Falls Voyagers batting - Pitching for Baltimore (APP) Orioles : LHP Kyle Sheridan
Batting: SHB Matt Childers 0-0: Ball
1-0: Ball
2-0: Ball
3-0: Called Strike
3-1: Foul Ball, location: 2F
3-2: Base on Balls
Batting: RHB Duncan Collins 0-0: Ball
1-0: Ball
2-0: Called Strike
2-1: Ball
3-1: Base on Balls
Matt Childers to second
Pitching: RHP Angel Gonzales
Batting: RHB Josh Newby 0-0: Called Strike
0-1: Ball
1-1: Ball
2-1: Ball
3-1: Foul Ball, location: 2F
3-2: Ground out 5-3 (Groundball, 5S, EV 68.8 MPH)
Matt Childers to third
Duncan Collins to second
Batting: RHB Chris LaMore 0-0: Called Strike
0-1: Ball
1-1: Called Strike
1-2: Strikes out looking
Batting: RHB Billy Grubbs 0-0: Called Strike
0-1: Foul Ball, location: 2F
0-2: Ball
1-2: Ball
2-2: Foul Ball, location: 2F
2-2: Ground out 1-3 (Groundball, 15S, EV 65.6 MPH)
Bottom of the 6th over - 0 runs, 0 hits, 0 errors, 2 left on base; Baltimore (APP) 3 - Great Falls 4
TOP OF THE 7TH
Baltimore (APP) Orioles batting - Pitching for Great Falls Voyagers : RHP Ivan Gaona
Pitching: LHP Jose Andujar
Now in CF: Andy Cotton
Now in RF: Josh Newby
Pinch Hitting: RHB Scott Boyd 0-0: Called Strike
0-1: Ball
1-1: Ball
2-1: Foul Ball, location: 2F
2-2: Ball
3-2: Fly out, F9 (Line Drive, 89M, EV 89.4 MPH)
Batting: LHB Bill Ostlund 0-0: Ball
1-0: Ball
2-0: Foul Ball, location: 2F
2-1: Foul Ball, location: 2F
2-2: Ball
3-2: Ground out 5-3 (Groundball, 6, EV 96.9 MPH)
Pitching: RHP Brian Wesolek
Batting: RHB Jeremy Sipe 0-0: Ball
1-0: Called Strike
1-1: Foul Ball, location: 2F
1-2: Fly out, F2 (Popup, 2RF, EV 86.9 MPH)
Top of the 7th over - 0 runs, 0 hits, 0 errors, 0 left on base; Baltimore (APP) 3 - Great Falls 4
BOTTOM OF THE 7TH
Great Falls Voyagers batting - Pitching for Baltimore (APP) Orioles : RHP Angel Gonzales
Pitching: LHP Freddy Gutierrez
Now in LF: Antonio Cantu
Now in CF: Rodolfo Montes
Batting: RHB Juan Tovar 0-0: Foul Ball, location: 2F
0-1: Fly out, F9 (Flyball, BS8, EV 93.8 MPH)
Batting: RHB Kasey Bland 0-0: Ball
1-0: SINGLE (Line Drive, 89S, EV 97.5 MPH)
Batting: RHB Vic Lucatero 0-0: Called Strike
0-1: Ball
1-1: Ball
2-1: Swinging Strike
2-2: Foul Ball, location: 2F
2-2: Strikes out swinging
Batting: LHB Carlos Ramirez 0-0: Ball
1-0: SINGLE (Flyball, 3D, EV 100.0 MPH)
Kasey Bland to second
Runner from 2nd tries for 3rd, SAFE, throw by RF made to third
Batting: SHB Matt Childers 0-0: Called Strike
0-1: SINGLE (Line Drive, 8RM, EV 95.6 MPH)
Kasey Bland scores
Carlos Ramirez to second
Batting: RHB Andy Cotton 0-0: Called Strike
0-1: Ball
1-1: Foul Ball, location: 2F
1-2: Ball
2-2: Foul Ball, location: 2F
2-2: Ball
3-2: Ground out 5-3 (Groundball, 25, EV 83.1 MPH)
Bottom of the 7th over - 1 run, 3 hits, 0 errors, 2 left on base; Baltimore (APP) 3 - Great Falls 5
TOP OF THE 8TH
Baltimore (APP) Orioles batting - Pitching for Great Falls Voyagers : RHP Brian Wesolek
Batting: RHB Mike Zepeda 0-0: Ball
1-0: Ground out 4-3 (Groundball, 4, EV 86.9 MPH)
Batting: RHB Fernando Bravo 0-0: Foul Ball, location: 2F
0-1: Swinging Strike
0-2: Ball
1-2: Ground out 4-3 (Groundball, 4, EV 111.3 MPH)
Batting: LHB Rodolfo Montes 0-0: Called Strike
0-1: Ball
1-1: Ball
2-1: Ball
3-1: Swinging Strike
3-2: Strikes out swinging
Top of the 8th over - 0 runs, 0 hits, 0 errors, 0 left on base; Baltimore (APP) 3 - Great Falls 5
BOTTOM OF THE 8TH
Great Falls Voyagers batting - Pitching for Baltimore (APP) Orioles : LHP Freddy Gutierrez
Pitching: RHP Frank Caillouet
Batting: RHB Josh Newby 0-0: Ball
1-0: Ball
2-0: Ball
3-0: Base on Balls
Batting: RHB Chris LaMore 0-0: Ball
1-0: Ball
2-0: Bunt missed!
2-1: Bunted foul
2-2: Strikes out swinging
Batting: RHB Billy Grubbs 0-0: Called Strike
0-1: Swinging Strike
0-2: Ball
1-2: Ball
2-2: Strikes out swinging
Batting: RHB Juan Tovar 0-0: Called Strike
0-1: Foul Ball, location: 2F
0-2: Ball
1-2: Strikes out swinging
Bottom of the 8th over - 0 runs, 0 hits, 0 errors, 1 left on base; Baltimore (APP) 3 - Great Falls 5
TOP OF THE 9TH
Baltimore (APP) Orioles batting - Pitching for Great Falls Voyagers : RHP Brian Wesolek
Pitching: RHP Rick Sacket
Batting: RHB Matt O'Dea 0-0: Ball
1-0: Foul Ball, location: 2F
1-1: Foul Ball, location: 2F
1-2: Ball
2-2: Strikes out swinging
Batting: RHB Alex Valencia 0-0: Called Strike
0-1: Foul Ball, location: 2F
0-2: Ball
1-2: Ground out 5-3 (Groundball, 56, EV 90.0 MPH)
Pinch Hitting: LHB Justin Alworth 0-0: Ball
1-0: DOUBLE (Line Drive, 89M, EV 106.3 MPH)
Batting: LHB Antonio Cantu 0-0: Ball
1-0: Fly out, F8 (Line Drive, 8LD, EV 92.5 MPH)
Top of the 9th over - 0 runs, 1 hit, 0 errors, 1 left on base; Baltimore (APP) 3 - Great Falls 5
Thursday, March 31st , 2022 - OOTP Baseball 22.12 Build 89